 Dungeon Crawl Stone Soup version 0.20-a0-760-g49f5558 (webtiles) character file.

23434 polly the Blocker (level 13, -23/81 HPs)
             Began as a Gargoyle Fighter on Feb 25, 2017.
             Was the Champion of Okawaru.
             Annihilated by an enormous slime creature (49 damage)
             ... on level 13 of the Dungeon.
             The game lasted 00:17:28 (11100 turns).

polly the Blocker (Gargoyle Fighter)               Turns: 11100, Time: 00:17:29

Health: -23/81     AC: 33    Str: 25    XL:     13   Next: 6%
Magic:  13/13      EV:  9    Int: 10    God:    Okawaru [******]
Gold:   716        SH: 14    Dex: 15    Spells: 7/12 levels left

rFire    . . .     SeeInvis .   t - +4 whip (elec)
rCold    x . .     Gourm    .   J - +0 plate armour
rNeg     + . .     Faith    +   c - +0 shield
rPois    ∞         Spirit   .   d - +2 hat of Courage {rC- MR+ Slay+3}
rElec    +         Reflect  .   F - +1 cloak
rCorr    +         Harm     .   G - +2 pair of gloves {Dex+3}
MR       +....                  o - +0 pair of boots
Stlth    ..........             b - amulet of faith
Regen    0.3/turn               P - ring of resist corrosion
MPRegen  0.2/turn               H - +4 ring of strength

@: no status effects
A: negative energy resistance 1, electricity resistance, unbreathing,
petrification resistance, rot immunity, AC +9
a: Heroism, Finesse, Renounce Religion


You were on level 13 of the Dungeon.
You worshipped Okawaru.
Okawaru was exalted by your worship.
You were not hungry.

You visited 2 branches of the dungeon, and saw 14 of its levels.

You collected 716 gold pieces.

Inventory:

Hand Weapons
 t - a +4 whip of electrocution (weapon)
Missiles
 O - an exploding tomahawk (quivered)
Armour
 c - a +0 shield (worn)
 d - the +2 hat of Courage (worn) {rC- MR+ Slay+3}
   (Okawaru gifted it to you on level 8 of the Dungeon)

   It affects your accuracy and damage with ranged weapons and melee attacks
   (+3).
   It makes you vulnerable to cold.
   It affects your resistance to hostile enchantments.
 o - a +0 pair of boots (worn)
 F - a +1 cloak (worn)
 G - a +2 pair of gloves of dexterity (worn)
 J - a +0 plate armour (worn)
Jewellery
 b - an amulet of faith (around neck)
 H - a +4 ring of strength (left hand)
 I - an uncursed ring of protection from magic
 P - a ring of resist corrosion (right hand)
Wands
 e - a wand of polymorph (9/24)
 n - a wand of disintegration (14/24)
 B - a wand of clouds (4/9)
Scrolls
 a - 4 scrolls of amnesia
 i - a scroll of blinking
 m - 6 scrolls of teleportation
 p - 4 scrolls of enchant armour
 y - a scroll of immolation
 C - a scroll of identify
 D - a scroll of torment
 E - 6 scrolls of remove curse {unknown}
 K - a scroll of fear
 M - a scroll of noise {unknown}
 N - 2 scrolls of fog {unknown}
 Q - 3 scrolls of magic mapping {unknown}
 R - 3 scrolls of enchant weapon
 S - 4 scrolls of recharging {unknown}
 U - a scroll of vulnerability {unknown}
Potions
 h - 3 potions of flight
 j - a potion of agility
 k - 2 potions of haste
 l - 8 potions of curing
 q - 2 potions of ambrosia
 s - a potion of invisibility
 u - 2 potions of cancellation
 w - 3 potions of mutation
 x - a potion of heal wounds
 z - a potion of berserk rage {unknown}
 L - a potion of resistance {unknown}
 V - a potion of brilliance {unknown}
 Y - a potion of lignification {unknown}
Books
 T - a book of Maledictions

   Spells                             Type                      Level
   a - Corona                         Hexes                        1
   b - Ensorcelled Hibernation        Hexes/Ice                    2
   c - Confuse                        Hexes                        3
   d - Tukima's Dance                 Hexes                        3
   e - Dazzling Spray                 Conjuration/Hexes            3
Miscellaneous
 r - a lightning rod (4/4)
 W - a phial of floods
Comestibles
 f - 8 bread rations
 g - 6 meat rations
 v - 5 fruits
 A - 8 royal jellies
 X - 5 chunks of flesh


   Skills:
 + Level 9.7 Fighting
 + Level 12.0 Maces & Flails
 + Level 10.8 Armour
 + Level 3.0 Dodging
 + Level 1.9 Stealth
 + Level 13.3 Shields


You had 7 spell levels left.
You knew the following spells:

 Your Spells              Type           Power        Failure   Level  Hunger
a - Cigotuvi's Embrace    Necr           #.........   100%        5    ######.


Dungeon Overview and Level Annotations

Branches:
Dungeon (13/15)            Temple (0/1) D:7            Lair (1/6) D:8
    Orc (0/2) D:11
 Vaults: D:13-14

Altars:
Ashenzari
Cheibriados
Elyvilon
Fedhas
Gozag
Hepliaklqana
Kikubaaqudgha
Nemelex Xobeh
Okawaru
Qazlal
Sif Muna
Uskayaw
Vehumet
Yredelemnul
The Shining One

Shops:
D:6 (   D:12 [   D:13 }


Innate Abilities, Weirdness & Mutations

You are resistant to torment.
Your stone body is resilient. (AC +9)
You are immune to poison.
You resist negative energy. (rN+)
You are resistant to electric shocks. (rElec)
You can survive without breathing.
You are immune to petrification.
You are immune to rotting.


Message History

You hear a shout! x2
The slime creature hits you but does no damage.
Two slime creatures merge to form an enormous slime creature.
A centaur warrior comes into view.
The centaur warrior wields a shortbow.
The centaur warrior shoots an arrow.
You block the arrow.
You see here an arrow.
The centaur warrior shoots an arrow.
The arrow hits you but does no damage.
You see here an arrow.
The centaur warrior shoots an arrow.
The arrow closely misses you.
You hear a splash.
The centaur warrior shoots an arrow.
You block the arrow.
The centaur warrior shoots an arrow.
You block the arrow.
You see here an arrow.
The centaur warrior shoots an arrow.
The arrow hits you!
* * * LOW HITPOINT WARNING * * *
You see here an arrow.
You feel much better. The enormous slime creature hits you!!!
Ouch! That really hurt!
You die...

##.# #.# # ./ ## #.###.# # . ###
#.# #..##>####### # # ###.###.#
##.##.#(....#### ##..≈...##
#..#.#.....##..
#.≈≈≈≈≈≈≈#########.#.#.....##.#
###.≈.(.≈≈..≈≈(.c# #.#.(.....##..
.≈(≈.###..##c.##J# #...#(######..
≈.≈.############@####..#((<.[....
.≈###...# ### ##.........)).....#
### #.#.# #.###.).....>##.....".#
#####÷#.# #............##....[..#
#...††#.###.###......).##........
#.....#.....# #.......####.######
#....[#########.....<.# #.##...#
#.....###.#....#.###.## ##.##...#
#.........#......###.####.....#.#


You could see an enormous slime creature and a centaur warrior.

Vanquished Creatures
  7 two-headed ogres
  Erica (D:8)
  3 death yaks (D:8)
  The ghost of polly the Magician, a novice DrAE (D:6)
  4 unseen horrors
  2 cyclopes
  2 ugly things (D:12)
  2 deep elf magi (D:13)
  A centaur zombie (D:11)
  A gargoyle (D:11)
  4 demonic crawlers
  A hornet (D:13)
  2 hippogriffs
  A wyvern (D:11)
  A human (D:8)
  A basilisk (D:13)
  3 hungry ghosts
  Eustachio (D:6)
  10 yaks
  2 hogs (D:8)
  2 vampire mosquitoes (D:12)
  3 small abominations (D:13)
  2 acid dragons
  A water moccasin (D:6)
  2 soldier ants
  Duvessa (D:4)
  5 orc warriors
  5 sky beasts
  3 phantoms
  An eye of draining (D:11)
  4 ice beasts
  2 necrophages
  4 ogres
  A crocodile (D:11)
  2 big kobolds
  A gnoll sergeant (D:8)
  8 bullfrogs
  Dowan (D:4)
  4 scorpions
  6 killer bees (D:9)
  18 howler monkeys
  5 wights (D:10)
  4 crimson imps
  A quasit (D:4)
  A centaur skeleton (D:5)
  3 hounds
  A jelly (D:12)
  5 orc priests
  A gnoll shaman (D:10)
  4 orc wizards
  A bullfrog skeleton (D:7)
  Jessica (D:9)
  Ijyb (D:3)
  4 iguanas
  4 worker ants
  Robin (D:3)
  15 adders
  9 gnolls
  3 shadow imps
  4 oozes
  An adder skeleton (D:7)
  4 worms
  3 dart slugs
  4 leopard geckos
  39 orcs
  2 ball pythons (D:1)
  4 giant cockroaches
  19 goblins
  4 hobgoblins
  12 jackals
  25 kobolds
  4 quokkas
  7 bats
  6 frilled lizards
  A jackal skeleton (D:8)
  2 quokka skeletons (D:8)
  10 rats
341 creatures vanquished.

Notes
Turn   | Place    | Note
-------+----------+-------------------------------------------
     0 | D:1      | polly the Gargoyle Fighter began the quest for the Orb.
     0 | D:1      | Reached XP level 1. HP: 14/14 MP: 1/1
    42 | D:1      | Reached XP level 2. HP: 18/19 MP: 2/2
   378 | D:1      | Reached XP level 3. HP: 19/23 MP: 3/3
   722 | D:2      | Found a radiant altar of Vehumet.
   836 | D:2      | Reached XP level 4. HP: 29/29 MP: 4/4
  1052 | D:2      | Reached skill level 1 in Dodging
  1240 | D:2      | Reached skill level 4 in Shields
  1346 | D:3      | Found a snail-covered altar of Cheibriados.
  1346 | D:3      | Found a hazy altar of Hepliaklqana.
  1431 | D:3      | Found a hide-covered altar of Uskayaw.
  1453 | D:3      | Noticed Robin
  1471 | D:3      | Killed Robin
  1471 | D:3      | Reached XP level 5. HP: 11/33 MP: 1/5
  1838 | D:3      | Found an ancient bone altar of Kikubaaqudgha.
  1839 | D:3      | Noticed Ijyb
  1841 | D:3      | Found a blossoming altar of Fedhas.
  1851 | D:3      | Killed Ijyb
  1933 | D:3      | Found an opulent altar of Gozag.
  1934 | D:3      | Found a sparkling altar of Nemelex Xobeh.
  1994 | D:3      | Found an iron altar of Okawaru.
  2018 | D:3      | Became a worshipper of Warmaster Okawaru
  2114 | D:3      | Noticed a phantom
  2144 | D:3      | Killed a phantom
  2144 | D:3      | Reached XP level 6. HP: 29/38 MP: 6/6
  2265 | D:4      | Reached skill level 5 in Shields
  2456 | D:4      | Noticed a sky beast
  2476 | D:4      | Killed a sky beast
  2476 | D:4      | Reached * piety under Okawaru
  2476 | D:4      | Reached XP level 7. HP: 28/43 MP: 7/7
  2633 | D:4      | Noticed Dowan
  2634 | D:4      | Noticed Duvessa
  2654 | D:4      | Killed Duvessa
  2654 | D:4      | Reached skill level 5 in Armour
  2658 | D:4      | Killed Dowan
  2744 | D:4      | Found a glowing golden altar of the Shining One.
  3014 | D:5      | Entered Level 5 of the Dungeon
  3114 | D:5      | Reached skill level 5 in Maces & Flails
  3224 | D:5      | Reached XP level 8. HP: 47/48 MP: 8/8
  3328 | D:5      | Reached skill level 6 in Shields
  3455 | D:5      | Reached ** piety under Okawaru
  3832 | D:6      | Reached skill level 5 in Fighting
  3852 | D:6      | Found Urhe's Antique Weapon Shop.
  3892 | D:6      | Reached skill level 1 in Stealth
  3892 | D:6      | Reached skill level 7 in Shields
  3916 | D:6      | Noticed polly's ghost (novice DrAE)
  3939 | D:6      | Killed polly's ghost
  3939 | D:6      | Reached *** piety under Okawaru
  3939 | D:6      | Reached skill level 8 in Shields
  3939 | D:6      | Reached XP level 9. HP: 52/54 MP: 9/9
  4010 | D:6      | Noticed Eustachio
  4075 | D:6      | Killed Eustachio
  4075 | D:6      | Reached **** piety under Okawaru
  4674 | D:7      | Reached skill level 9 in Shields
  4850 | D:7      | Found a stormy altar of Qazlal.
  4911 | D:7      | Found a staircase to the Ecumenical Temple.
  4963 | D:7      | Found a white marble altar of Elyvilon.
  5114 | D:8      | Found a basalt altar of Yredelemnul.
  5194 | D:8      | Reached XP level 10. HP: 60/60 MP: 10/10
  5255 | D:8      | Noticed a death yak
  5256 | D:8      | Noticed a death yak
  5256 | D:8      | Noticed a death yak
  5257 | D:8      | Found a staircase to the Lair.
  5326 | D:8      | Killed a death yak
  5326 | D:8      | Reached ***** piety under Okawaru
  5338 | D:8      | Killed a death yak
  5338 | D:8      | Received a gift from Okawaru
  5349 | D:8      | Killed a death yak
  5349 | D:8      | Reached skill level 10 in Shields
  5496 | D:8      | Noticed Erica
  5512 | D:8      | Killed Erica
  5512 | D:8      | Reached XP level 11. HP: 58/67 MP: 11/11
  5656 | D:8      | Found a shattered altar of Ashenzari.
  5936 | D:8      | Received a gift from Okawaru
  5939 | D:8      | Got a distressingly furry hat {god gift}
  5950 | D:8      | Identified the +2 hat of Courage {rC- MR+ Slay+3} (Okawaru gifted it to you on level 8 of the Dungeon)
  6135 | Lair:1   | Entered Level 1 of the Lair of Beasts
  6420 | D:9      | Noticed a two-headed ogre
  6430 | D:9      | Killed a two-headed ogre
  6430 | D:9      | Reached skill level 11 in Shields
  6716 | D:9      | Noticed a two-headed ogre
  6717 | D:9      | Noticed a two-headed ogre
  6725 | D:9      | Killed a two-headed ogre
  6725 | D:9      | Reached skill level 10 in Maces & Flails
  6735 | D:9      | Killed a two-headed ogre
  7171 | D:9      | Noticed a two-headed ogre
  7184 | D:9      | Killed a two-headed ogre
  7396 | D:9      | Noticed Jessica
  7397 | D:9      | Killed Jessica
  7404 | D:9      | Found a deep blue altar of Sif Muna.
  7477 | D:10     | Entered Level 10 of the Dungeon
  7497 | D:10     | Got a fine helmet
  7515 | D:10     | Identified the -7 helmet of Fougousm {Slay+3 Stlth+} (You found it on level 10 of the Dungeon)
  8119 | D:10     | Killed an unseen horror
  8325 | D:11     | Reached XP level 12. HP: 75/75 MP: 12/12
  8471 | D:11     | Reached ****** piety under Okawaru
  8569 | D:11     | Found a staircase to the Orcish Mines.
  9181 | D:12     | Learned a level 5 spell: Cigotuvi's Embrace
  9248 | D:12     | Noticed a two-headed ogre
  9249 | D:12     | Reached skill level 10 in Armour
  9249 | D:12     | Reached skill level 12 in Shields
  9253 | D:12     | Received a gift from Okawaru
  9263 | D:12     | Killed a two-headed ogre
  9399 | D:12     | Found Gopoetoch's Armour Emporium.
  9694 | D:13     | Found Feel's Gadget Boutique.
  9695 | D:13     | Noticed a sun demon
  9702 | D:13     | Noticed a sun demon
 10012 | D:13     | Noticed a two-headed ogre
 10016 | D:13     | Killed a two-headed ogre
 10721 | D:13     | Noticed a two-headed ogre
 10728 | D:13     | Killed a two-headed ogre
 10803 | D:13     | Received a gift from Okawaru
 10803 | D:13     | Reached skill level 13 in Shields
 10916 | D:13     | Reached XP level 13. HP: 77/81 MP: 13/13
 11096 | D:13     | HP: 2/81 [centaur warrior/arrow (15)]
 11100 | D:13     | Annihilated by an enormous slime creature

Vault maps used:
D:1:      erik_arrival_gehennom, item_on_display_a
D:2:      vehumet_crystals
D:3:      grunt_temple_overflow_opulence,
          grunt_temple_overflow_growth_and_decay,
          eat_drink_and_be_merry_uskayaw, amethyst_overflow_temple_binary,
          okawaru_ov_weapons_minmay, uniq_robin, uniq_iyjb
D:4:      kennysheep_mini, uniq_duvessa
D:5:      serial_curves, eino_curves_04, eino_curves_04, eino_curves_03,
          eino_curves_02, first_bread
D:6:      serial_shops, shop, serial_bayou_crossing, uniq_eustachio
D:7:      lemuel_coloured_pillars_altar, kennysheep_little_box, temple_hall
D:8:      lemuel_doored_altar, lemuel_crystal_altar, dpeg_lair_monsters,
          grunt_livestock, uniq_erica
D:9:      tgw_sif, abandoned_shop
D:11:     david_orc_2
D:12:     serial_shops, shop
D:13:     cheibrodos_hippocracy, serial_shops, shop_statue
Lair:1:   basic_altar, nicolae_quartered_pool_super, kennysheep_snail_temple,
          grunt_megastairs_3, lemuel_fruit_fields, uniq_gastronok, uniq_grum

Skill      XL: |  1  2  3  4  5  6  7  8  9 10 11 12 13 |
---------------+----------------------------------------+-----
Armour         | 4 5 6 7 8 9 10 | 10.8
Dodging        | 1 2 3 |  3.0
Shields        | 4 5 8 9 10 11 13 | 13.3
Maces & Flails | 3 4 5 6 7 9 10 11 12 | 12.0
Fighting       | 4 5 6 7 8 9 |  9.7
Stealth        | 1 |  1.9

Action                   |  1- 3 |  4- 6 |  7- 9 | 10-12 | 13-15 || total
-------------------------+-------+-------+-------+-------+-------++-------
Melee: Flail             |   132 |    43 |       |       |       ||   175
       Whip              |       |   195 |   313 |   764 |    64 ||  1336
  Use: Potion            |       |     2 |       |     1 |     1 ||     4
       Scroll            |       |     3 |     2 |    14 |       ||    19
  Eat: Chunk             |       |     6 |     9 |    19 |     2 ||    36
       Fruit             |       |       |     1 |       |       ||     1
Armor: Scale mail        |    71 |   122 |    35 |       |       ||   228
       Chain mail        |       |       |    57 |       |       ||    57
       Plate armour      |       |       |    51 |   378 |    20 ||   449
Dodge: Dodged            |    43 |    92 |    73 |   156 |    18 ||   382
Block: Shield            |    67 |   139 |   166 |   391 |    34 ||   797
